AoeStats
← 我说狂阿七比肥龙强,B站关注狂阿七谢谢喵

MegaRandom

509569745Analyzed
4v4 RM · 6d ago on Sep 27, 2026· 54m 25s· 8 players
Game mode
Random Map
Map size
Large (8 player)
Population
200
Speed
Normal
Resources
Standard
Victory
Conquest
Starting age
Dark Age
Ending age
Imperial Age
RankedLock teamsTeams togetherTeam positionsShared explorationLock speedFull tech treeHidden civsTurbo modeCheats
Victory
Defeat
🇦🇺 Teutons · Australia
1054
+46
🇨🇳 Franks · China
1035
+17
🇨🇳 Franks · China
1030
+17
🇨🇳 Britons · China
1004
+18
1111
-18
🇨🇳 Spanish · China
1065
-18
1017
-16
Thunder Lizard
12:11 Feudal Age
15:58 Castle Age
14:06 Double-Bit Axe
14:31 Horse Collar
17:35 Wheelbarrow
17:40 Loom
18:37 Heavy Plow
21:18 Bow Saw
25:05 Fletching
25:22 Squires
27:48 Bodkin Arrow
28:56 Crossbowman
29:41 Padded Archer Armor
34:38 Imperial Age
32:24 Hand Cart
33:08 Leather Archer Armor
34:29 Forging
34:27 Elite Skirmisher
36:37 Chemistry
36:10 Ring Archer Armor
35:37 Onager
36:17 Pikeman
36:59 Scale Mail Armor
37:06 Halberdier
38:02 Chain Mail Armor
38:29 Conscription
38:59 Siege Engineers
41:59 Ballistics
42:14 Plate Mail Armor
43:29 Crenellations
44:20 Hoardings
wqq1997
12:29 Feudal Age
14:34 Double-Bit Axe
14:40 Loom
15:20 Double-Bit Axe
18:48 Castle Age
18:14 Horse Collar
20:14 Heavy Plow
21:50 Wheelbarrow
21:54 Bow Saw
24:06 Hand Cart
34:41 Imperial Age
36:34 Imperial Age
36:36 Stone Mining
37:37 Yeomen
37:13 Gold Mining
38:35 Two-Man Saw
38:46 Ballistics
39:31 Conscription
40:33 Fletching
42:05 Gold Shaft Mining
42:28 Bodkin Arrow
43:47 Bracer
45:18 Chemistry
46:07 Elite Longbowman
47:00 Padded Archer Armor
48:02 Hoardings
47:57 Leather Archer Armor
47:59 Masonry
48:00 Fortified Wall
48:24 Caravan
49:31 Ring Archer Armor
76561199017414489
11:41 Feudal Age
16:24 Castle Age
19:26 Gold Mining
21:30 Double-Bit Axe
22:43 Man-at-Arms
27:20 Long Swordsman
28:10 Squires
27:59 Arson
28:04 Gambesons
39:33 Imperial Age
37:51 Husbandry
46:45 Onager
48:27 Gold Shaft Mining
49:27 Capped Ram
aaa916_
7:07 Loom
10:04 Feudal Age
16:59 Castle Age
21:48 Husbandry
25:59 Double-Bit Axe
27:35 Wheelbarrow
28:12 Bow Saw
29:56 Gold Mining
33:32 Imperial Age
31:34 Hand Cart
31:13 Town Watch
32:12 Gold Shaft Mining
31:42 Stone Mining
32:25 Scale Barding Armor
32:31 Forging
32:45 Town Patrol
34:10 Ballistics
33:52 Padded Archer Armor
33:43 Fletching
34:13 Chain Barding Armor
34:39 Iron Casting
34:09 Elite Skirmisher
36:00 Chemistry
34:56 Arrowslits
35:09 Cavalier
36:45 Plate Barding Armor
36:26 Leather Archer Armor
36:07 Bodkin Arrow
44:41 Paladin
46:57 Blast Furnace
泰拉之花.群山俯首
10:24 Feudal Age
11:25 Double-Bit Axe
11:32 Loom
13:04 Wheelbarrow
15:38 Castle Age
14:27 Horse Collar
16:58 Bow Saw
20:18 Gold Mining
23:21 Gold Shaft Mining
23:58 Hand Cart
24:27 Heavy Plow
24:04 Crossbowman
25:13 Stone Mining
25:34 Fletching
26:15 Bodkin Arrow
26:44 Ballistics
26:40 Padded Archer Armor
32:10 Imperial Age
32:22 Arbalester
33:09 Bracer
33:12 Capped Ram
34:12 Leather Archer Armor
36:11 Siege Engineers
37:08 Chemistry
36:57 Conscription
37:01 Yeomen
36:49 Squires
36:10 Pikeman
38:09 Halberdier
39:02 Elite Longbowman
41:46 Arson
42:14 Forging
42:10 Scale Barding Armor
42:07 Scale Mail Armor
46:27 Iron Casting
46:10 Chain Mail Armor
49:14 Plate Mail Armor
49:44 Blast Furnace
49:46 Two-Man Saw
49:52 Elite Skirmisher
洗心革面重新做人TownYan
11:44 Feudal Age
12:31 Loom
15:38 Castle Age
14:39 Double-Bit Axe
14:36 Horse Collar
16:04 Stone Mining
16:32 Bow Saw
17:50 Wheelbarrow
17:17 Heavy Plow
20:08 Fletching
23:52 Hand Cart
23:26 Town Watch
24:25 Gold Mining
28:38 Imperial Age
28:13 Stone Shaft Mining
29:08 Caravan
29:05 Bodkin Arrow
29:39 Crenellations
29:42 Conscription
29:44 Ballistics
30:26 Chemistry
30:33 Guilds
30:50 Siege Engineers
30:55 Masonry
34:34 Hoardings
34:55 Scale Mail Armor
35:05 Forging
38:45 Elite Teutonic Knight
44:22 Onager
46:29 Siege Onager
48:30 Ironclad
49:20 Crop Rotation
49:50 Two-Man Saw
53:50 Chain Mail Armor
54:11 Iron Casting
53:37 Squires
53:23 Arson
我说狂阿七比肥龙强,B站关注狂阿七谢谢喵
12:33 Feudal Age
16:14 Castle Age
14:18 Fishing Lines
14:37 Double-Bit Axe
15:02 Horse Collar
17:43 Bow Saw
20:58 Wheelbarrow
24:58 Hand Cart
25:02 Treadmill Crane
25:24 Caravan
25:57 Gold Mining
25:59 Stone Mining
29:58 Imperial Age
28:14 Stone Shaft Mining
27:29 Loom
27:29 Town Watch
28:33 Heavy Plow
28:02 Vendel Legacy
29:17 Fervor
29:37 Ballistics
29:55 Gillnets
30:41 Husbandry
30:51 Bloodlines
30:02 Light Cavalry
30:02 Cavalier
30:49 Scale Barding Armor
30:54 Forging
30:35 Fletching
31:47 Chemistry
30:53 Siege Engineers
30:59 Masonry
31:15 Conscription
31:21 Guilds
从不压堡之人
12:04 Feudal Age
12:47 Double-Bit Axe
15:40 Castle Age
15:29 Wheelbarrow
16:31 Fishing Lines
17:26 Bow Saw
17:01 Horse Collar
19:46 Loom
25:03 Caravan
27:46 Hand Cart
31:58 Imperial Age
29:50 Fletching
31:29 Ballistics
31:14 Bodkin Arrow
31:35 Masonry
32:48 Guilds
33:42 Chemistry
33:46 Two-Man Saw
33:46 Elite Cannon Galleon
34:17 Town Watch
34:33 Bracer
34:39 Scale Barding Armor
34:44 Husbandry
34:54 Bloodlines
34:12 Elite Conquistador
35:51 Clinker Construction
37:56 Town Patrol
38:21 Chain Barding Armor
38:01 Padded Archer Armor
38:36 Inquisition
38:56 Conscription
39:12 Hoardings
40:02 Leather Archer Armor
40:22 Plate Barding Armor
40:18 Redemption
41:16 Architecture
40:38 Guard Tower
40:33 Arrowslits
41:09 Bombard Tower
40:44 Murder Holes
41:01 Fortified Wall
42:15 Supremacy
42:40 Keep
43:20 Theocracy
43:00 Block Printing
43:10 Illumination
43:05 Sanctity
43:10 Illumination
43:05 Sanctity
42:56 Fervor
44:04 Ring Archer Armor
50:22 Scale Mail Armor
50:33 Forging
52:27 Gillnets
54:05 Sappers
Connection lost

Rejoining the realm…

Still unreachable

The connection could not be restored.

Session expired

The server has moved on; the page needs a fresh start.